Cogmind - Beta 15 @@@ ROGUE MODE // 2025.05.06 @ 15:49:00 Player: hvit Result: Destroyed by Y-45 Defender with Beam Rifle Performance ------------- Evolutions (1) 500 Regions Visited (2) 400 Robots Destroyed (9) 45 Value Destroyed (314) 314 Prototype IDs (0) 0 Alien Tech Used (0) 0 Bonus (0) 0 TOTAL SCORE: 1259 Bonus ------- None Cogmind --------- Core Integrity 0/400 Matter 296/300 Energy 275/275 System Corruption 0% Temperature Cool (24) Movement Core (550) Ox10 Location -9/Materials Parts ------- > --- POWER (1) -------- Deuterium Engine > --- PROPULSION (2) --- (None) > --- UTILITY (4) ------ Heat Sink Large Storage Unit Visual Processing Unit Power Shielding > --- WEAPON (2) ------- (None) > --- INVENTORY (15) --- Ion Engine Light Ion Engine Deuterium Engine Deuterium Engine Light Treads Light Treads Wheel Compact Wheel Large Storage Unit Power Shielding Power Shielding Peak State ------------ > --- POWER ------------ Deuterium Engine > --- PROPULSION ------- VSS Leg VSS Leg > --- UTILITY ---------- Large Storage Unit Medium Matter Pod Visual Processing Unit Power Shielding > --- WEAPON ----------- Assault Rifle Improved Light Cannon > --- INVENTORY -------- Ion Engine Light Ion Engine Deuterium Engine Deuterium Engine Light Treads Light Treads Wheel Compact Wheel Large Storage Unit Power Shielding Power Shielding [Rating: 18] Favorites ----------- Power Deuterium Engine Engine Deuterium Engine Propulsion VSS Leg Treads Light Treads Leg VSS Leg Utility Medium Matter Pod Device Heat Sink Storage Medium Matter Pod Processor Visual Processing Unit Protection Power Shielding Weapon Assault Rifle Ballistic Gun Assault Rifle Ballistic Cannon Improved Light Cannon Special Melee Weapon Datajack Build | -11 -10 -9 ------- Run | Yrd Mat Mat Slots Evolved 2 | . . 2 Power . | . . . Propulsion . | . . . Utility 2 | . . 2 Weapon . | . . . Parts Attached 16 | 3 5 8 Power 3 | . 1 2 Engine 3 | . 1 2 Core . | . . . Reactor . | . . . Propulsion 4 | 2 . 2 Treads 2 | 2 . . Leg 2 | . . 2 Wheel . | . . . Hover . | . . . Flight . | . . . Utility 6 | 1 2 3 Device 1 | . . 1 Storage 3 | 1 2 . Processor 1 | . . 1 Hackware . | . . . Protection 1 | . . 1 Artifact . | . . . Weapon 3 | . 2 1 Energy Gun . | . . . Energy Cannon . | . . . Ballistic Gun 1 | . 1 . Ballistic Cannon 1 | . 1 . Launcher . | . . . Special Weapon . | . . . Impact Weapon . | . . . Slashing Weapon . | . . . Piercing Weapon . | . . . Special Melee Weapon 1 | . . 1 Unidentified Prototypes . | . . . Parts Lost 7 | . . 7 Power 1 | . . 1 Propulsion 2 | . . 2 Utility 1 | . . 1 Weapon 3 | . . 3 Highest Loss Streak 3 | . . 3 To Critical Strikes . | . . . Average Backups 10 | 4 6 11 Power 2 | 1 1 3 Propulsion 3 | 1 3 4 Utility 2 | . . 3 Weapon . | . . . Tool/Special . | . . . Unused Backups 11 | . . 11 Power 4 | . . 4 Propulsion 4 | . . 4 Utility 3 | . . 3 Weapon . | . . . Tool/Special . | . . . Average Slot Usage (%) 87 | . 80 90 Engine 11 | . 14 10 Treads 7 | . 28 . Leg 16 | . . 21 Storage 21 | . 22 21 Processor 2 | . . 3 Protection 8 | . . 11 Ballistic Gun 8 | . 3 10 Ballistic Cannon 4 | . 11 2 Special Melee Weapon 5 | . . 7 Peak Build Rating 18 | 3 9 18 Average Rating 13 | 2 7 15 On Entrance 4 | . 3 9 Naked Turns . | . . . Heaviest Build 38 | 5 31 38 Greatest Support 40 | 40 40 40 Greatest Overweight (x) 10 | . . 10 Average Overweight (x) . | . . . Largest Inventory Capacity 15 | 8 15 15 Average Capacity 13 | 7 10 15 Most Carried 13 | 5 10 13 Average Carried 10 | 4 6 11 Final Capacity 15 | 8 15 15 Final Carried 11 | 5 10 11 Class Distribution -------------------- 100% | Mutant Dominant Class ---------------- Mutant | -10/Materials Mutant | -9/Materials Resources | -11 -10 -9 ----------- Run | Yrd Mat Mat Matter Collected 518 | 230 64 224 Remotely . | . . . Salvage Created 300 | . 87 213 Parts 14 | . 4 10 Haulers Intercepted . | . . . Recyclers Shooed . | . . . Parts Field Recycled . | . . . Retrieved Matter . | . . . Parts Self-Destructed . | . . . Prevented . | . . . Kills | -11 -10 -9 ------- Run | Yrd Mat Mat Combat Hostiles Destroyed 8 | . 3 5 Guns 4 | . . 4 Cannons 4 | . 3 1 Classes Destroyed 2 | . 1 1 Watcher 1 | . . 1 Grunt 8 | . 3 5 Best Kill Streak 2 | . 2 1 Combat Bots Only 2 | . 2 1 Max Kills in Single Turn 1 | . 1 1 Gunslinging . | . . . Exploded . | . . . Melee . | . . . Uniques/NPCs Destroyed . | . . . Combat | -11 -10 -9 -------- Run | Yrd Mat Mat Hostile Shots Fired 142 | . 9 133 Missed 43 | . 1 42 Hits 99 | . 8 91 Projectile 99 | . 8 91 Critical Strikes 2 | . . 2 Actively Blocked 1 | . . 1 Damage Taken 1259 | . 100 1159 Core 428 | . 21 407 Absorbed by Shields . | . . . Redirected to Shielding 45 | . . 45 Core Remaining (%) 95 | 100 91 . Volleys Fired 47 | . 10 37 Largest 2 | . 2 2 Hottest 53 | . 53 53 Shots Fired 58 | . 13 45 Gun 40 | . 3 37 Cannon 18 | . 10 8 Launcher . | . . . Special . | . . . Kinetic 58 | . 13 45 Thermal . | . . . Explosive . | . . . Electromagnetic . | . . . Robot Hit Streak 10 | . 5 10 Robot Miss Streak 2 | . 2 2 Penetration Max . | . . . Secondary Targets . | . . . Shots Hit Robots 42 | . 9 33 Core Hits 15 | . 4 11 Critical Kills . | . . . Critical Parts Destroyed . | . . . Critical Strikes 1 | . 1 . Blast 1 | . 1 . Melee Attacks . | . . . Impact . | . . . Slashing . | . . . Piercing . | . . . Sneak Attacks . | . . . Combat Hostiles . | . . . Follow-up Attacks . | . . . Damage Inflicted 619 | . 163 456 Guns 371 | . . 371 Cannons 248 | . 163 85 Explosions . | . . . Melee . | . . . Ramming . | . . . Kinetic 619 | . 163 456 Thermal . | . . . Explosive . | . . . Electromagnetic . | . . . Impact . | . . . Slashing . | . . . Piercing . | . . . Highest Corruption . | . . . Average Corruption . | . . . Corruption Purged . | . . . Corruption Blocked . | . . . Overload Shots . | . . . Overflow Damage . | . . . Projectiles . | . . . Explosions . | . . . Melee . | . . . Knockbacks 5 | . 2 3 Impact . | . . . Kinetic 5 | . 2 3 Secondary . | . . . Self-Inflicted Damage . | . . . Shots . | . . . Rammed 1 | . . 1 Targets Rammed 1 | . . 1 Kicked . | . . . Crushed . | . . . Highest Temperature 7 | . 7 3 Average Temperature 2 | . 3 1 Received Heat Transfer 540 | . 57 483 Siege Activations . | . . . Martial Activations . | . . . Shielding Activations . | . . . Robots Disrupted . | . . . Combat Hostiles . | . . . Robots Corrupted . | . . . Combat Hostiles . | . . . Parts Fried . | . . . Impact Corruptions . | . . . Robots Melted . | . . . Combat Hostiles . | . . . Parts Melted . | . . . Heat Transferred . | . . . Parts Sabotaged . | . . . Parts Stolen . | . . . Parts Stripped . | . . . Power Chain Reactions . | . . . Alert | -11 -10 -9 ------- Run | Yrd Mat Mat Maximum Alert Level . | . . . Low Security (%) 100 | 100 100 100 Level 1 . | . . . Level 2 . | . . . Level 3 . | . . . Level 4 . | . . . Level 5 . | . . . High Security . | . . . Max Security . | . . . Peak Influence 55 | . 55 46 Initial . | . . . Average 8 | . 11 7 Influence Increases 251 | . 96 155 Destroy 0b10 Robot/C 160 | . 60 100 Destroy 0b10 Robot/NC 5 | . . 5 Destroy Leader 52 | . 20 32 Destroy Structure 4 | . 1 3 Lose Combat Pursuer 30 | . 15 15 Influence Decreases 251 | . 96 155 Time Decay 251 | . 96 155 Squads Dispatched 4 | . 1 3 Investigation 2 | . 1 1 Extermination . | . . . Reinforcement 2 | . . 2 Assault . | . . . Garrison . | . . . Intercept . | . . . Searches Triggered . | . . . Construction Impeded . | . . . Haulers Reinforced . | . . . Active Scanning Responses . | . . . Cargo Convoy Interrupts . | . . . Stealth | -11 -10 -9 --------- Run | Yrd Mat Mat Distress Signals 2 | . . 2 Communications Jammed . | . . . Distress Signals . | . . . Times Spotted 19 | . 4 15 Peak Tracking Total 6 | . 3 6 Tactical Retreats 2 | . 1 1 Traps | -11 -10 -9 ------- Run | Yrd Mat Mat Traps Triggered 2 | . 1 1 Indirectly . | . . . Trap Hack Attempts . | . . . Triggered . | . . . Disarmed . | . . . Reprogrammed . | . . . Reused . | . . . Traps Extracted . | . . . Installed . | . . . Triggered . | . . . Machines | -11 -10 -9 ---------- Run | Yrd Mat Mat Machines Disabled . | . . . Max in Single Turn . | . . . Machines Repaired . | . . . Machines Dismantled . | . . . Machines Sabotaged . | . . . Overloaded Fab Kills . | . . . Hacking | -11 -10 -9 --------- Run | Yrd Mat Mat Machines Accessed 2 | . 1 1 Terminals 1 | . . 1 Fabricators . | . . . Repair Stations . | . . . Recycling Units 1 | . 1 . Scanalyzers . | . . . Garrison Access . | . . . Total Hacks 3 | . 1 2 Successful 2 | . 1 1 Failed 1 | . . 1 Catastrophic . | . . . Database Lockouts . | . . . Manual . | . . . Terminals 2 | . . 2 Fabricators . | . . . Repair Stations . | . . . Recycling Units 1 | . 1 . Scanalyzers . | . . . Garrison Access . | . . . Terminal Hacks 1 | . . 1 Record 1 | . . 1 Fabricator Hacks . | . . . Repair Station Hacks . | . . . Recycling Unit Hacks 1 | . 1 . Report Inventory 1 | . 1 . Scanalyzer . | . . . Garrison Access Hacks . | . . . Unauthorized Hacks . | . . . Terminals . | . . . Fabricators . | . . . Repair Stations . | . . . Recycling Units . | . . . Scanalyzers . | . . . Garrison Access . | . . . Data Cores Recovered . | . . . Used . | . . . Hacking Detections 1 | . 1 . Full Trace Events . | . . . Feedback Events . | . . . Feedback Blocked . | . . . Robot Schematics Acquired . | . . . Robots Built . | . . . Authchips . | . . . Time . | . . . Total Robot Build Rating . | . . . Part Schematics Acquired . | . . . Parts Built . | . . . Authchips . | . . . Time . | . . . Total Part Build Rating . | . . . Parts Repaired . | . . . Time . | . . . Parts Recycled . | . . . Recycled Matter . | . . . Retrieved Matter . | . . . Retrieved Components . | . . . Parts Scanalyzed . | . . . Part Schematics Acquired . | . . . Parts Damaged . | . . . Bothacking | -11 -10 -9 ------------ Run | Yrd Mat Mat Used RIF Installer . | . . . Robots Hacked . | . . . Non-combat . | . . . Combat . | . . . Robot Hacks Applied . | . . . Relay Couplers Released . | . . . Fabnet Peak Effective % . | . . . Robots Rewired . | . . . Allies Hacked . | . . . Hacks Repelled . | . . . Allies | -11 -10 -9 -------- Run | Yrd Mat Mat Total Allies . | . . . Largest Group . | . . . Highest-Rated Group . | . . . Highest-Rated Ally . | . . . Total Orders . | . . . Ally Attacks . | . . . Total Damage . | . . . Kills . | . . . Allies Corrupted . | . . . Allies Melted . | . . . Intel | -11 -10 -9 ------- Run | Yrd Mat Mat Active Infowar (turns) 385 | . . 385 Optics 385 | . . 385 Robot Analysis Total . | . . . Derelict Logs Recovered . | . . . Drone Launches . | . . . Drone Recoveries . | . . . Exploration | -11 -10 -9 ------------- Run | Yrd Mat Mat Turns Passed 1678 | 70 394 1214 Spaces Moved 624 | 43 189 392 Core 9 | 8 . 1 Treads 235 | 35 189 11 Legs 380 | . . 380 Wheels . | . . . Hover . | . . . Flight . | . . . Fastest Speed 50 | 50 160 160 Average Speed 171 | 139 160 180 Slowest Speed 550 | 160 160 550 Overloaded Moves . | . . . Propulsion Burnouts . | . . . Robots Hopped . | . . . Potential Cave-ins . | . . . Cave-ins Triggered . | . . . Exploration Rate (%) 17 | 3 22 28 Regions Visited 2 Branch Regions . Pre-discovered Areas . | . . . Known Exits Taken . | . . . Unknown Exits Taken 2 | 1 1 . Scrap Searched . | . . . Spaces Dug . | . . . Terrain Destroyed 1 | . . 1 Melee . | . . . Projectile 1 | . . 1 AOE . | . . . Terrain Rammed . | . . . Walls Destroyed . | . . . Machines Disabled . | . . . Actions | -11 -10 -9 --------- Run | Yrd Mat Mat Total 1177 | 53 268 856 Wait 456 | . 54 402 Move 622 | 42 188 392 Hop . | . . . Pick Up 27 | 8 10 9 Fast Attach . | . . . Attach 15 | 3 4 8 Detach 3 | . . 3 Swap 2 | . 1 1 Drop 4 | . 1 3 Fire 47 | . 10 37 Melee . | . . . Ram 1 | . . 1 Kick . | . . . Crush . | . . . Escape Stasis . | . . . Rewire . | . . . Trap . | . . . Miscellaneous . | . . . Route ------- -11/Scrapyard -10/Materials -9/Materials (discovered 1 exit: [*Min]) History --------- Turn | Location | Event 2 | -11/Scrapyard | Met Revision 17 7 | -11/Scrapyard | Discovered new exit (range 16) 71 | -11/Scrapyard | Entered Materials 313 | -10/Materials | Build established: Mutant 322 | -10/Materials | Discovered new exit (range 16) 465 | -10/Materials | Entered another Materials area 465 | -9/Materials | Evolved 2 slots: Utility x2 1630 | -9/Materials | Core integrity fell below 50% 1637 | -9/Materials | Discovered new exit (range 13) 1666 | -9/Materials | Lost 3 parts (1p1u1w) 1677 | -9/Materials | Core integrity fell below 20% 1679 | -9/Materials | Destroyed by Y-45 Defender with Beam Rifle Last Messages --------------- R-06 Scavenger collects Hover Unit. R-06 Scavenger collects Lgt. Ion Engine. Triggered Alarm Trap. An alarm sounds. ALERT: Alarm triggered, dispatching investigation squad. U-05 Engineer lays Concrete. U-05 Engineer builds a Door. U-05 Engineer destroyed. Assault Rifle destroyed. U-05 Engineer destroyed. K-01 Serf collects debris. Deuterium Engine destroyed. Imp. Light Cannon destroyed. Med. Matter Pod destroyed. EXIT=FOUND K-01 Serf destroyed. K-01 Serf collects debris. VSS Leg destroyed. Critical hit (Burn: +37). Slammed into A-02 Transporter. Map ----- +----------------------------------------------------+ | ?????????????????????????????????????????????????? | | ?????????????????????????????????????????????????? | | ?????????????????????????????????????????????????? | | ?????????????????????????????????????????????????? | | ?????????????????????????????????????????????????? | | ?????????????????????????????????????????????????? | | ?????????????????????????????????????????????????? | | ?????????????????????????????????????????????????? | | ?????????????????????????????????????????????????? | | ?????????????????????????????????????????????????? | | ????????????????????????????? ?????????????????? | | ????????????????????????????? #????????????????? | | ????????????????????????????# #????????????????? | | ????????????????????????????# /????????????????? | | ???????????????????????????? #????????????????? | | ???????????????????????????## ###??????????????? | | ???????????????????????##### "#?????????????? | | ???????????????????????# # ""#?????????????? | | ???????????????????????# # !!#?????????????? | | ???????????????????????# # < ""#?????????????? | | ???????????????????????# # !!#?????????????? | | ???????????????????????# # ""#?????????????? | | ??????????????????#????# # ???????????????? | | ??????????????????# ??# ## #????????????? #?? | | ??????????????????# ####g## #######+#### #?? | | ??????????????????# @ #?? | | ??????????????????# a u +?? | | ??????????????????# YYY #?? | | ??????????????????########### Y ###+#???????? | | ???????????????????????? ?# """ #???????????? | | ????????????????????????""" # """ + ????????? | | ?????????????????????????"" + """ # """ ??????? | | ????????????????????????????# """ #???????????? | | ????????????????????????????# #???????????? | | ????????????????????????????# #???????????? | | ????????????????????????????# #???????????? | | ????????????????????????????# * #???????????? | | ???????????????????###+#????# =%= #???????????? | | ???????????????????# #### !###+##########???? | | ???????????????????# ! # #???? | | ???????????????????# =%!+ #????? | | ???????????????????# * # """ #????? | | ???????????????????# ##### ##"" """ #????? | | ???????????????????## ?????# ##"T """ #???## | | ????????????????????# #????# ##"" #???# | | ????????????????????# #????# ## #???# | | ????????????????????# ######/##############???# | | ????????????????????# # ###########????# | | ????????????######??# # # ###### | | ???????????? ?# # # T # ## | +----------------------------------------------------+ Best States ------------- Heat Dissipation 38 Energy Generation 14 Energy Capacity 275 Matter Stores 300 Matter Capacity 400 Sight Range 18 Terrain Scan Density 10 Power Shielding 33 Evasion (%) 50 Recoil Reduction 2 Item Schematics ----------------- None Robot Schematics ------------------ None Fabricated ------------ Nothing Repaired ---------- Nothing Alien Tech Used ----------------- None Achievements -------------- None Challenges ------------ None Game ------ Seed NodeNeutrinoHarness Manual? 0 Play Time 00:17:36 Cumulative 5.6 hours Start 2025.05.06 @ 15:09:04 End 2025.05.06 @ 15:49:00 Sessions 1 Manual Loads 0 Difficulty Rogue Special Mode None Game No. 4 Rogue 4 Adventurer 0 Explorer 0 Win Type - Total 0 Types 0/0/0/0/0/0/0/0/0/0 Lore% 1 Gallery% 7 Achievement% 9 Wizard Run 0 Options --------- Layout 0 ASCII 0 Keyboard 0 Movement Arrows Keybinds 0 Fullscreen 2 Font 18/X11Bold Map View 38x25 Zoom Use 100% Tactical HUD 0 Map Filters NONE Filters NONE Steam 1 RUN: e8781fad-dff3-4cdd-9d1d-f399ac8cc98c